cohdb
Replays
Latest Replays
All Replays
Popular Replays
Top Player Replays
Match Explorer
How It Works
Community
CoH3 Stats
Reddit
Sign in to upload your games and track your stats! →
Sign in with Steam
Match 41984480
Unlisted
Match 41984480
Overview
Messages
Build Orders
End
Construct Section Command Post
Selects Indian Artillery Battlegroup
Infantry Section
Infantry Section
Dingo Light Scout Car
Selects Towed ML 4.2-inch Heavy Mortar
Towed ML 4.2-inch Heavy Mortar
Vickers Machine Gun Team
Infantry Section
Construct Platoon Command Post
Selects Valour
Royal Engineer Section
Humber Armored Car
Grenade Package
Selects Gurkha Rifles Section
Gurkha Rifles Section
Construct Field Infirmary
Royal Engineer Section
Selects Pillage
6-pounder Anti-tank Gun Team
Gurkha Rifles Section
Gurkha Rifles Section
Dr.Doktorilla
Cody Styx
UH|dun! ツ
UH|ck
0
0
Comments
sign in to comment!
No comments posted yet!